 Dungeon Crawl Stone Soup version 0.25-a0-860-gf695395b5c (console) character file.

Game seed: 1551475284589938575, levelgen mode: classic

74 Duffy the Conjurer (level 4, 30/30 HPs)
             Began as a Demonspawn Fire Elementalist on Apr 27, 2020.
             Quit the game on level 2 of the Dungeon.
             The game lasted 00:02:41 (1646 turns).

Duffy the Conjurer (Demonspawn Fire Elementalist)   Turns: 1646, Time: 00:02:42

Health: 30/30      AC:  4    Str:  8    XL:     4   Next: 9%
Magic:  4/8        EV: 12    Int: 18    God:
Gold:   97         SH:  0    Dex: 13    Spells: 4/8 levels left

rFire    . . .     SeeInvis .   f - +4 short sword (speed)
rCold    + . .     Gourm    .   (no shield)
rNeg     . . .     Faith    .   a - +0 robe
rPois    .         Spirit   +   (no helmet)
rElec    .         Reflect  .   (no cloak)
rCorr    .         Harm     .   (no gloves)
MR       .....                  (no boots)
Stlth    ++........             (no amulet)
HPRegen  0.10/turn              h - ring of protection from cold
MPRegen  0.11/turn              (no ring)

@: no status effects
A: molten scales 1, magic shield
a: no special abilities


You were on level 2 of the Dungeon.
You were not hungry.

You visited 1 branch of the dungeon, and saw 2 of its levels.

You collected 97 gold pieces.

Inventory:

Hand Weapons
 f - a +4 short sword of speed (weapon)
Armour
 a - a +0 robe (worn)
Jewellery
 h - a ring of protection from cold (left hand)
Scrolls
 b - a scroll of magic mapping
 i - a scroll of amnesia {unknown}
 j - 2 scrolls of teleportation
Potions
 e - a potion of berserk rage {unknown}
 g - 3 potions of stabbing
Comestibles
 c - 4 rations
 d - 5 chunks of flesh


   Skills:
 - Level 1.7 Dodging
 - Level 1.7 Stealth
 + Level 2.8 Spellcasting
 - Level 3.0 Conjurations
 - Level 3.0 Fire Magic


You had 4 spell levels left.
You knew the following spells:

 Your Spells              Type           Power        Failure   Level  Hunger
h - Foxfire               Conj/Fire      ##..         4%          1    None
l - Conjure Flame         Conj/Fire      ##......     14%         3    ###....

Your spell library contained the following spells:

 Spells                   Type           Power        Failure   Level  Hunger
 Inner Flame              Hex/Fire       #.......     26%         3    ###....
 Sticky Flame             Conj/Fire      ##......     43%         4    ####...
 Fireball                 Conj/Fire      ##........   80%         5    ######.


Dungeon Overview and Level Annotations

Branches:
Dungeon (2/15)

Altars:
The Shining One


Innate Abilities, Weirdness & Mutations

You are partially covered in molten scales. (AC +2)
When hurt, damage is shared between your health and your magic reserves.


Message History

d - 5 chunks of flesh (gained 1)
You see here a bat skeleton. x2
An adder comes into view.
The adder hisses angrily.
Cast which spell? (? or * to list)
You conjure some foxfire!
Unknown command.
Cast which spell? (? or * to list)
You conjure some foxfire!
The foxfire hits the adder.
The adder is heavily wounded.
The foxfire hits the adder.
The adder is almost dead.
Unknown command.
Cast which spell? (? or * to list)
You conjure some foxfire!
The foxfire hits the adder.
You kill the adder!
You have reached level 4!
You feel clever.
Your demonic ancestry asserts itself...
You feel your magical essence form a protective shroud around your flesh.
Are you sure you want to abandon this character and quit the game? (Confirm with "yes".)

,,,,,,*,,...,,*** ###.###.#....,.
,,,,,,***....** #.##....##...
,,,,,,***....##* #.#..#..###..
,,,,,,,,,......* #...###......
,,,,,,,***#.#..#* #..##_##..##.
,,,,,*** *.....* ##...'##...#*,
,,>,,* *###..######..P..#....##,
,,*,** ##......0.##.P~P.......#,
,,,,* *#...v.v@0.....~P.....#...
,********#.....0v...%...P..}.......
,,,,,,,,,.......0...............##.
,********#.!....)...............#*.
,* ##..............##.#...#*, ,*
##...#.........##.....#*, **
#####.........####...#*,
#.........# *,,,*** ###########
*,,,*


There were no monsters in sight!

Vanquished Creatures
  3 adders (D:2)
  2 worms (D:2)
  3 dart slugs (D:1)
  A leopard gecko (D:2)
  4 giant cockroaches
  2 hobgoblins (D:1)
  3 jackals (D:1)
  A ball python (D:1)
  3 bats
  4 frilled lizards
  2 goblins (D:2)
  5 kobolds (D:1)
  5 rats
38 creatures vanquished.

Vanquished Creatures (others)
  80 foxfires
80 creatures vanquished.

Grand Total: 118 creatures vanquished

Notes
Turn   | Place    | Note
-------+----------+-------------------------------------------
     0 | D:1      | Duffy the Demonspawn Fire Elementalist began the quest for
                  | the Orb.
     0 | D:1      | Reached XP level 1. HP: 13/13 MP: 3/3
   374 | D:1      | Gained mutation: You are partially covered in molten
                  | scales. (AC +2) [demonic ancestry]
   374 | D:1      | Reached XP level 2. HP: 13/19 MP: 0/5
  1196 | D:2      | Reached XP level 3. HP: 24/24 MP: 0/6
  1327 | D:1      | Learned a level 3 spell: Conjure Flame
  1613 | D:2      | Found a glowing golden altar of the Shining One.
  1645 | D:2      | Gained mutation: When hurt, damage is shared between your
                  | health and your magic reserves. [demonic ancestry]
  1645 | D:2      | Reached XP level 4. HP: 30/30 MP: 4/8
  1646 | D:2      | Quit the game

Levels and vault maps discovered:
D:1:      scummos_arrival_simple_crosswalls, layout_basic
D:2:      layout_rooms, tso_oasis_becter

Skill      XL: |  1  2  3 |
---------------+----------+-----
Conjurations   | 2 3 |  3.0
Fire Magic     | 3 |  3.0
Dodging        | |  1.7
Stealth        | |  1.7
Spellcasting   | |  2.8

Action                   |  1- 3 |  4- 6 || total
-------------------------+-------+-------++-------
Melee: Unarmed           |     4 |       ||     4
       Short sword       |    37 |       ||    37
 Cast: Foxfire           |    50 |       ||    50
  Use: Scroll            |     5 |       ||     5
 Stab: Sleeping          |     2 |       ||     2
  Eat: Chunk             |     3 |       ||     3
Armor: Robe              |     9 |       ||     9
Dodge: Dodged            |    17 |       ||    17

Table legend:
 A = Non-vault XP
 B = Vault XP
 C = Vault XP percentage of total XP
 D = Non-vault monster count
 E = Vault monster count
 F = Vault count percentage of total count
                 A         B        C        D         E       F
            +---------+---------+-------+---------+---------+-------
      Total |     106 |       0 |   0.0 |      38 |       0 |   0.0
            +---------+---------+-------+---------+---------+-------
        D:1 |      40 |       0 |   0.0 |      23 |       0 |   0.0
        D:2 |      66 |       0 |   0.0 |      15 |       0 |   0.0
            +---------+---------+-------+---------+---------+-------
